 Dungeon Crawl Stone Soup version 0.15-a0-1788-ga796aff (webtiles) character file.

264 JogiH the Insei (level 6, -7/30 HPs)
             Began as a Vine Stalker Transmuter on June 29, 2014.
             Was an Initiate of Okawaru.
             Killed by divine providence
             ... invoked by an orc priest
              (14 damage)
             ... on Level 5 of the Dungeon.
             The game lasted 00:14:52 (3169 turns).

JogiH the Insei (Vine Stalker Transmuter)           Turns: 3169, Time: 00:14:52

HP  -7/30        AC  2     Str 13      XL: 6   Next: 19%
MP   0/13        EV 20     Int 15      God: Okawaru [......]
Gold 145         SH  0     Dex 19      Spells:  2 memorised,  6 levels left

rFire  . . .     SeeInvis .       - Unarmed
rCold  . . .     Clarity  .     c - melded +0 robe
rNeg   . . .     rCorr    .     (shield currently unavailable)
rPois  x         rRot     +     (helmet currently unavailable)
rElec  .         Spirit   +     (cloak currently unavailable)
SustAb .         Warding  .     (gloves currently unavailable)
rMut   .         Stasis   .     (boots currently unavailable)
Gourm  .                        (no amulet)
MR     .....                    (no ring)
                                (no ring)

@: spider-form (expiring), not resistant to hostile enchantments, fairly
stealthy
A: (fangs 0), regeneration 2, magic shield, (antimagic bite), no device heal 3,
rot immunity
a: End Transformation, Renounce Religion


You were on level 5 of the Dungeon.
You worshipped Okawaru.
Okawaru was noncommittal.
You were not hungry.
You were in spider-form.
You visited 1 branch of the dungeon, and saw 6 of its levels.

You collected 145 gold pieces.

Inventory:

Missiles
 b - 12 arrows
Armour
 c - a +0 robe (melded)
Magical devices
 f - a wand of confusion (16) {unknown}
Comestibles
 a - 5 bread rations
 i - 2 meat rations
Scrolls
 g - a scroll of fog {unknown}
 h - 5 scrolls of identify {unknown}
 m - 2 scrolls of fear {unknown}
 q - a scroll of teleportation {unknown}
Potions
 e - 3 potions of curing
 j - a potion of might {unknown}
 l - 2 potions of agility {unknown}
 n - a potion of lignification {unknown}
 o - a potion of flight {unknown}
 p - a potion of confusion {unknown}
 r - a potion of heal wounds {unknown}
 u - 2 potions of restore abilities {unknown}
Books
 d - a book of Changes

   Spells                             Type                      Level
   *Beastly Appendage                 Transmutation                1
   Sticks to Snakes                   Transmutation                2
   *Spider Form                       Transmutation/Poison         3
   Ice Form                           Ice/Transmutation            4
   Blade Hands                        Transmutation                5
Magical staves
 k - an uncursed staff of wizardry {unknown}


   Skills:
 * Level 2.2 Fighting
 + Level 2.5 Dodging
 * Level 2.3 Stealth
 + Level 3.8 Unarmed Combat
 + Level 2.8 Spellcasting
 * Level 3.0 Transmutations
 * Level 1.8 Poison Magic


You had 6 spell levels left.
You knew the following spells:

 Your Spells              Type           Power        Failure   Level  Hunger
a - Beastly Appendage     Trmt           ##....       21%         1    #......
b - Spider Form           Trmt/Pois      #.........   45%         3    ###....


Dungeon Overview and Level Annotations

Branches:
Dungeon (6/15)
 Temple: D:4-7

Altars:
Nemelex Xobeh
Okawaru
Qazlal
Trog

Shops:
D:5 *


Innate Abilities, Weirdness & Mutations

((You have extremely sharp teeth.))*
You heal very quickly.
When hurt, damage is shared between your health and your magic reserves.
((Your bite disrupts and absorbs the magic of your enemies.))*
Potions and wands cannot restore your health.
You are immune to rotting.


Message History

You turn into a venomous arachnid creature.
Your +0 robe melds into your body.
The orc completely misses you.
You barely miss the orc. You bite the orc, but do no damage.
The orc misses you.
You closely miss the orc. Your bite misses the orc.
An orc priest comes into view. It is wielding a flail.
Something hits you.
Your transformation is almost over.
The magic dart hits you!
The orc priest shouts!
The orc priest mumbles some strange prayers to Beogh.
You feel troubled.
The orc priest mumbles some strange prayers to Beogh against you.
Something smites you!
* * * LOW HITPOINT WARNING * * *
You hear some strange, mumbled words.
Something tries to affect you, but you resist.
The orc priest calls down the wrath of Beogh upon you.
Something smites you!
You die...

####.# #....# #.# #..
#....# #.# # #....# #.# #.
#....# #.# .. #....# #.#
##.#.#.#....# #.#
..........### ########.#
##.#.#.#).########........#
...?....oo....s%....######
...#..o.########.#......
#......... #....#..###
...#...... #.####..#
#........ #.####..#
##..#...# #.......#
#..#..?# #####...# #.#..
.#####...# . #.........#


You could see an orc priest and 2 orcs.

Vanquished Creatures
  A hound (D:5)
  A worker ant (D:5)
  7 adders
  A gnoll (D:1)
  A shadow imp (D:5)
  4 worms
  An adder zombie (D:5)
  2 giant geckos
  2 orcs
  A ball python (D:1)
  A giant cockroach (D:1)
  8 hobgoblins
  3 quokkas
  11 bats
  A giant newt (D:3)
  12 goblins
  5 kobolds
  5 rats
67 creatures vanquished.

Vanquished Creatures (others)
  An orc priest (D:5)
  A rat (D:2)
2 creatures vanquished.

Grand Total: 69 creatures vanquished

Notes
Turn   | Place    | Note
--------------------------------------------------------------
     0 | D:1      | JogiH, the Vine Stalker Transmuter, began the quest for the Orb.
     0 | D:1      | Reached XP level 1. HP: 9/9 MP: 3/3
    45 | D:1      | Reached skill level 1 in Fighting
    84 | D:1      | Reached XP level 2. HP: 14/14 MP: 5/5
   125 | D:1      | Reached skill level 1 in Stealth
   313 | D:1      | Reached XP level 3. HP: 1/18 MP: 2/7
   380 | D:1      | Learned a level 3 spell: Spider Form
   762 | D:2      | Reached XP level 4. HP: 2/22 MP: 1/9
  1284 | D:2      | Found a sparkling altar of Nemelex Xobeh.
  1284 | D:2      | Found a bloodstained altar of Trog.
  1376 | D:2      | Found a stormy altar of Qazlal.
  1587 | D:2      | Found an iron altar of Okawaru.
  1678 | D:2      | Became a worshipper of Warmaster Okawaru
  1799 | D:2      | Reached XP level 5. HP: 22/26 MP: 9/11
  2071 | D:4      | Noticed an ogre
  2302 | D:4      | Reached skill level 1 in Poison Magic
  2811 | D:5      | Entered Level 5 of the Dungeon
  2821 | D:5      | Found Mukimaug's Assorted Antiques.
  3099 | D:5      | Gained mutation: You heal very quickly. [vine stalker growth]
  3099 | D:5      | Reached XP level 6. HP: 30/30 MP: 11/13
  3169 | D:5      | Killed from afar by an orc priest

Action                   |  1- 3 |  4- 6 || total
-------------------------+-------+-------++-------
Melee: Unarmed           |    99 |   124 ||   223
 Cast: Beastly Appendage |    15 |    25 ||    40
       Spider Form       |       |     2 ||     2
  Use: Potion            |       |     1 ||     1
 Stab: Sleeping          |       |     3 ||     3
